Map: Jagannatha LE

Players

A.I. 1 (Very Easy) - Winner!

  • Race: Protoss Protoss
  • Spawn Location: 7:00

HuShang

  • Race: Protoss Protoss
  • League: Master
  • Spawn Location: 1:00

VOD

https://www.youtube.com/watch?v=PD6PYQBfF6Q

Description

Time

  • Played on: Jan. 5, 2021, 2:33 p.m.
  • Length: 7:44
Show
View Real Time Build Order
Export as new Build Order

A.I. 1 (Very Easy) Protoss - Winner!

Build Orders: 1 Gate Expand, Nexus First 

Get SALT Encoding   

  12  0:00  Probe  
  13  0:13  Probe  
  14  0:20  Pylon  
  14  0:43  Gateway  
  14  1:01  Nexus  
  14  1:20  Pylon  
  14  1:22  Zealot  
  14  1:23  Assimilator  
  16  1:37  Cybernetics Core  
  16  1:39  Probe  
  17  1:51  Probe  
  18  2:01  Probe  
  18  2:02  Assimilator  
  19  2:09  Probe  
  19  2:15  Stalker  
  22  2:16  Warp Gate, Probe  
  23  2:25  Probe  
  23  2:29  Probe  
  25  2:40  Probe  
  26  2:51  Probe  
  27  2:53  Assimilator  
  27  2:56  Pylon  
  27  2:58  Probe  
  28  3:03  Probe  
  29  3:12  Probe  
  30  3:15  Probe, Robotics Facility  
  31  3:27  Probe  
  32  3:30  Zealot  
  32  3:34  Probe  
  35  3:41  Probe  
  36  3:48  Probe  
  37  3:55  Probe  
  38  4:00  Observer  
  39  4:02  Probe  
  40  4:10  Probe  
  40  4:15  Observer  
  41  4:17  Probe  
  41  4:20  Probe  
  41  4:22  Assimilator  
  44  4:31  Probe  
  44  4:35  Pylon  
  44  4:37  Probe  
  45  4:45  Sentry, Probe  
  49  4:53  Probe  
Show
View Real Time Build Order
Export as new Build Order

HuShang Protoss 

Build Orders: Phoenix Opening 

Get SALT Encoding   

  12  0:00  Probe  
  13  0:12  Probe  
  14  0:17  Pylon  
  14  0:24  Probe (Chrono Boost)  
  15  0:37  Probe (Chrono Boost)  
  15  0:38  Gateway  
  16  0:45  Probe (Chrono Boost)  
  17  0:51  Probe  
  18  1:03  Probe (Chrono Boost)  
  19  1:07  Assimilator  
  19  1:10  Gateway  
  19  1:13  Probe (Chrono Boost)  
  19  1:18  Probe (Chrono Boost)  
  20  1:25  Cybernetics Core  
  21  1:29  Probe  
  22  1:37  Pylon  
  22  1:41  Probe  
  23  1:55  Probe  
  24  2:03  Sentry, Stalker  
  28  2:10  Warp Gate  
  28  2:13  Pylon  
  28  2:29  Stalker  
  30  2:33  Stalker  
  32  2:44  Nexus  
  32  2:47  Probe (Chrono Boost)  
  33  2:54  Phoenix  
  33  2:55  Pylon  
  33  2:59  Probe (Chrono Boost)  
  33  3:00  Sentry  
  36  3:07  Sentry, Probe (Chrono Boost)  
  39  3:13  Probe  
  39  3:17  Shield Battery  
  40  3:25  Probe (Chrono Boost)  
  42  3:34  Probe (Chrono Boost)  
  42  3:38  Forge  
  42  3:39  Twilight Council  
  42  3:42  Probe  
  44  3:57  Probe (Chrono Boost)  
  44  3:59  Probe (Chrono Boost)  
  44  4:02  Blink (Chrono Boost)  
  45  4:06  Probe (Chrono Boost)  
  45  4:09  Probe (Chrono Boost)  
  47  4:10  Protoss Ground Weapons Level 1 (Chrono Boost)  
  47  4:11  Probe (Chrono Boost)  
  47  4:14  Phoenix  
  48  4:18  Probe  
  48  4:20  Pylon  
  48  4:23  Probe  
  50  4:27  Assimilator  
  50  4:30  Probe  
  51  4:31  Robotics Facility  
  51  4:35  Probe  
  52  4:43  Probe  
  53  4:47  Probe  
  53  4:48  Nexus  
  54  4:54  Stalker x2  
  58  5:04  Gateway  
  58  5:05  Gateway  
  58  5:16  Immortal (Chrono Boost)  
  58  5:21  Stalker x2  
  64  5:23  Phoenix  
  64  5:24  Pylon  
  66  5:28  Probe x2  
  66  5:35  Pylon  
  68  5:40  Probe x2  
  70  5:43  Stalker  
  70  5:44  Stalker  
  70  5:47  Shield Battery  
  70  5:48  Observer  
  75  5:52  Probe  
  75  5:53  Probe  
  77  6:00  Stalker  
  77  6:01  Stalker  
  77  6:03  Probe  
  82  6:05  Probe x2  
  84  6:15  Probe  
  84  6:17  Probe x2  
  87  6:19  Warp Prism (Chrono Boost)  
  89  6:27  Probe  
  89  6:29  Probe x2  
  92  6:34  Stalker  
  92  6:35  Stalker x3  
  100  6:40  Pylon  
  100  6:41  Pylon  
  100  6:49  Assimilator, Probe  
  100  6:53  Pylon x2  
  101  6:58  Probe x2  
  103  7:02  Stalker x2  
  103  7:03  Stalker x2  
  103  7:08  Gateway  
  111  7:10  Gateway  
  111  7:26  Stalker x3  
  111  7:27  Stalker  
  119  7:42  Nexus  
  119  7:44  Pylon  
Tags
 
Add a new tag
Caveats
  • Supply blocks, unpowered buildings, or Contaminate may cause inaccurate times.
  • Supply counts are checked every 10 seconds.